 Dungeon Sprint DCSS version 0.28.0-1-gb440e238dd (webtiles) character file.

Game seed: 17701485441482440159

11 boopmooplesden the Slasher (level 2, -2/42 HPs)
             Began as a Minotaur Berserker on Feb 26, 2022.
             Was a Believer of Trog.
             Slain by a wyvern (12 damage)
             ... in the Dungeon (Sprint II: "The Violet Keep of Menkaure").
             The game lasted 00:00:14 (399 turns).

boopmooplesden the Slasher (Minotaur Berserker)      Turns: 399, Time: 00:00:15

Health: -2/42      AC:  2    Str: 21    XL:     2   Next: 13%
Magic:  1/1        EV: 12    Int:  4    God:    Trog [**....]
Gold:   243        SH:  0    Dex:  9    Spells: 1/1 levels left

rFire   . . .      SeeInvis .   a - +0 falchion
rCold   . . .      Faith    .   (no shield)
rNeg    . . .      Spirit   .   b - +0 animal skin
rPois   .          Reflect  .   (helmet restricted)
rElec   .          Harm     .   (no cloak)
rCorr   .          Rampage  .   (no gloves)
Will    .....      NoTele   +   (no boots)
Stlth   ..........              (no amulet)
HPRegen 0.14/turn               (no ring)
MPRegen 0.07/turn               (no ring)

@: berserking, very quick
A: horns 2, retaliatory headbutt
a: Renounce Religion, Berserk, Trog's Hand


You were in the Dungeon.
You worshipped Trog.
Trog was pleased with you.
You visited 1 branch You collected 243 gold pieces.

Inventory:

Hand Weapons
 a - a +0 falchion (weapon)
Armour
 b - a +0 animal skin (worn)
Scrolls
 h - a scroll of blinking
Potions
 c - a potion of curing
 d - a potion of heal wounds
 e - a potion of haste
 f - 2 potions of magic
 g - a potion of berserk rage


   Skills:
 + Level 4.9 Fighting
 + Level 4.9 Long Blades
 + Level 2.9 Armour
 + Level 2.6 Dodging


You had one spell level left.
You didn't know any spells.
Your spell library was empty.

Dungeon Overview and Level Annotations

Branches:
Dungeon (1/1)

Altars:


Innate Abilities, Weirdness & Mutations

You have a pair of horns on your head.
You reflexively headbutt those who attack you in melee.


Message History

You start resting.
HP restored.
You open the door.
A worm comes into view.
There is an open door here.
You slash the worm!
The worm is heavily wounded.
You hit the worm.
The worm is severely wounded.
The worm completely misses you.
You hit the worm.
The worm is almost dead.
The walls and floor vibrate strangely for a moment.
The worm bites you!
You slash the worm!
You kill the worm!
Trog accepts your kill.
You can now call upon Trog for regeneration and willpower.
You have reached level 2!
You close the door.
There is an open door, spattered with blood here.
There is a staircase leading out of the dungeon here.
You start resting.
HP restored.
You open the door. 2 wyverns come into view.
The wyvern hisses angrily. x2
The wyvern bites you!
A red film seems to cover your vision as you go berserk!
You feel yourself moving faster!
You feel mighty! The wyvern bites you!!
* * * LOW HITPOINT WARNING * * *
You closely miss the wyvern. The wyvern closely misses you.
You hit the wyvern but do no damage. You headbutt the wyvern!
The wyvern is heavily wounded.
The wyvern bites you.
* * * LOW HITPOINT WARNING * * *
You slash the wyvern!
The wyvern is almost dead.
The wyvern bites you!
You die...

#≈≈#+++#+++##
≈≈≈.........#
##+# ##.#†#
#..##.#
##..### #
##'# .#
##.##l#
+.<@l#
##.##.# #+#
.# #


You could see 2 wyverns.

Vanquished Creatures
  3 worms (D)
3 creatures vanquished.

Vanquished Creatures (others)
  A water moccasin (D)
1 creature vanquished.

Grand Total: 4 creatures vanquished

Notes
Turn   | Place    | Note
-------+----------+-------------------------------------------
     0 | D        | boopmooplesden the Minotaur Berserker began the quest for
                  | the Orb.
     0 | D        | Reached XP level 1. HP: 19/19 MP: 0/0
   219 | D        | Killed a water moccasin
   252 | D        | Noticed an ice statue
   257 | D        | Reached ** piety under Trog
   258 | D        | Reached XP level 2. HP: 15/28 MP: 1/1
   394 | D        | Noticed a wyvern
   394 | D        | Noticed a wyvern
   399 | D        | Slain by a wyvern

Illustrated notes

Levels and vault maps discovered:
D:        the_violet_keep_of_menkaure [sprint2_stairs_cluster_1,
          sprint2_shoproom, sprint2_temple, sprint2_basic_supplies,
          sprint2_obstacle_4, sprint2_obstacle_7, sprint2_obstacle_2,
          sprint2_obstacle_3, sprint2_obstacle_6, sprint2_timed_cluster_1,
          sprint2_smallroom_cluster_1, sprint2_smallroom_final_cluster_1,
          sprint2_transparent_cluster_1, sprint2_second_timed_cluster_1,
          sprint2_sniper_area_1, sprint2_heavy_combat_area_1,
          sprint2_mutation_trap_area_1, sprint2_forest_area_1,
          sprint2_light_combat_area_1, sprint2_behind_water_1,
          sprint2_near_end_vault_1]

Skill      XL: |  1 |
---------------+----+-----
Fighting       | 4 |  4.9
Long Blades    | 4 |  4.9
Armour         | |  2.9
Dodging        | |  2.6

Action                   || total
-------------------------++-------
Melee: Falchion          ||    14
       Headbutt          ||     6
Invok: Berserk           ||     1
Dodge: Dodged            ||     3
